 Dungeon Crawl Stone Soup version 0.28-a0-429-g1448048969 (webtiles) character file.

Game seed: 15817266394989321945

489 robertstho the Magician (level 7, -5/49 HPs)
             Began as a Djinni Fire Elementalist on Sept 10, 2021.
             Was an Initiate of Gozag.
             Slain by a gnoll (9 damage)
             ... on level 5 of the Dungeon.
             The game lasted 00:05:58 (6384 turns).

robertstho the Magician (Djinni Fire Elementalist)  Turns: 6384, Time: 00:05:58

Health: -5/49      AC:  3    Str:  7    XL:     7   Next: 36%
Gold:   182        EV: 12    Int: 19    God:    Gozag SH:  0 Dex: 13

rFire   + + .      SeeInvis .   o - +1 trident (flame)
rCold   x . .      Faith    .   (no shield)
rNeg    . . .      Spirit   .   a - +0 robe
rPois   ∞          Reflect  .   r - +1 hat
rElec   .          Harm     .   j - scarf {+Inv}
rCorr   .          Rampage  .   (no gloves)
Will    .....                   (boots unavailable)
Stlth   ++........              (no amulet)
HPRegen 0.16/turn               (no ring)
MPRegen 0.00/turn               (no ring)

@: gold aura, flying, very slightly contaminated
A: sickness immunity, fire resistance 2, cold vulnerability 1, float, innate
caster, hp casting, extra vitality 1
a: Renounce Religion, Evoke Invisibility, Potion Petition, Call Merchant, Bribe
Branch


You were on level 5 of the Dungeon.
You worshipped Gozag.
Gozag was aware of your devotion.
You visited 2 branches of the dungeon, and saw 6 of its levels.

You collected 241 gold pieces.
You paid 59 gold pieces to Gozag.

Inventory:

Hand Weapons
 d - a +0 short sword
 o - a +1 trident of flaming (weapon)
Armour
 a - a +0 robe (worn)
 j - a scarf of invisibility (worn)
 r - a +1 hat (worn)
Jewellery
 s - an amulet of reflection
Scrolls
 e - 2 scrolls of noise {unknown}
 f - a scroll of vulnerability {unknown}
 g - 2 scrolls of identify {unknown}
 k - 2 scrolls of fog {unknown}
 l - a scroll of enchant armour {unknown}
 n - a scroll of amnesia {unknown}
 q - a scroll of teleportation {unknown}
Potions
 b - 2 potions of might {unknown}
 c - 2 potions of lignification {unknown}
 h - 2 potions of curing {unknown}
 i - 2 potions of magic {unknown}
 m - a potion of brilliance {unknown}
 p - a potion of heal wounds {unknown}


   Skills:
 * Level 2.2 Fighting
 + Level 0.1 Short Blades
 + Level 2.5 Dodging
 + Level 1.9 Stealth
 * Level 5.5 Spellcasting


You couldn't memorise any spells.
You knew the following spells:

 Your Spells              Type           Power      Damage    Failure   Level
a - Foxfire               Conj/Fire      100%       2x1d9     1%          1
b - Scorch                Fire           52%        2d7       1%          2
c - Conjure Flame         Conj/Fire      26%        6-21      3%          3
d - Inner Flame           Hex/Fire       26%        N/A       3%          3
e - Flame Wave            Conj/Fire      26%        3d6       12%         4
f - Freeze                Ice            100%       1d11      1%          1
g - Ensorcelled Hibernat  Hex/Ice        52%        N/A       1%          2
h - Stone Arrow           Conj/Erth      52%        3d10      3%          3
Your spell library was empty.

Dungeon Overview and Level Annotations

Branches:
Dungeon (5/15)             Temple (1/1) D:4

Altars:
Gozag
Kikubaaqudgha
Makhleb
Nemelex Xobeh
Ru
Sif Muna
Trog
Uskayaw
Vehumet
Lugonu


Innate Abilities, Weirdness & Mutations

You are immune to sickness and miasma.
You are immune to poison.
Your flesh is very heat resistant. (rF++)
You are vulnerable to cold. (rC-)
You float through the air rather than walking.
You learn spells naturally, not from books.
Your magical power is your life essence.
You have superior vitality. (+4 HP)


Message History

A wave of flame ripples out!
The flame wave engulfs the gnoll.
The gnoll is moderately wounded. (Press . to intensify the flame waves.)
The gnoll hits you with a +0 halberd!
Unknown command.
A wave of flame ripples out!
The flame wave engulfs the gnoll!
You kill the gnoll!
The flame wave engulfs the gnoll shaman.
The gnoll shaman is moderately wounded.
A wave of flame ripples out!
The flame wave engulfs the gnoll shaman!
The gnoll shaman is severely wounded.
The flame wave engulfs the gnoll!
The gnoll is severely wounded.
You finish channelling waves of flame.
The gnoll shaman hits you but does no damage.
Casting: Flame Wave (quite dangerous; 12% risk of failure)
Confirm with . or Enter, or press ? or * to list all spells.
Flames lash the gnoll.
You kill the gnoll!
The gnoll shaman utters an invocation to its god.
The gnoll shaman is healed somewhat.
Casting: Scorch (safe; 1% risk of failure)
Confirm with . or Enter, or press ? or * to list all spells.
Flames lash the gnoll shaman but do no damage.
The gnoll shaman hits you with a +0 club!
The gnoll hits you from afar with a +0 spear!
* * * LOW HITPOINT WARNING * * *
Casting: Scorch (safe; 1% risk of failure)
Confirm with . or Enter, or press ? or * to list all spells.
Flames lash the gnoll shaman.
The gnoll shaman is severely wounded.
The gnoll shaman's fire resistance burns away.
* * * LOW HITPOINT WARNING * * *
The gnoll shaman barely misses you. The gnoll closely misses you.
The gnoll shaman hits you with a +0 club.
* * * LOW HITPOINT WARNING * * *
The gnoll hits you from afar with a +0 spear!
You die...
Your body crumbles into a pile of gold. ########. #@ggg.... #########

You could see a gnoll shaman (inflammable) and 2 gnolls.

Vanquished Creatures
  A necrophage (D:4)
  A scorpion (D:4)
  An orc priest (D:4)
  A hound (D:4)
  A jelly (D:4)
  Terence (D:3)
  An orc wizard (D:3)
  7 adders
  2 gnolls (D:5)
  An adder skeleton (D:4)
  3 worms
  5 dart slugs
  16 orcs
  8 endoplasms
  7 giant cockroaches
  5 goblins
  6 hobgoblins
  12 kobolds
  3 quokkas
  5 ball pythons
  5 bats
  3 frilled lizards
  A rat (D:1)
96 creatures vanquished.

Vanquished Creatures (others)
  298 foxfires
298 creatures vanquished.

Grand Total: 394 creatures vanquished

Notes
Turn   | Place    | Note
-------+----------+-------------------------------------------
     0 | D:1      | robertstho the Djinni Fire Elementalist began the quest for
                  | the Orb.
     0 | D:1      | Reached XP level 1. HP: 15/15 MP: 0/0
   216 | D:1      | Reached XP level 2. HP: 17/21 MP: 0/0
   635 | D:1      | Found a faded altar of an unknown god.
   890 | D:1      | Reached skill level 3 in Spellcasting
   926 | D:1      | Reached XP level 3. HP: 25/26 MP: 0/0
   926 | D:1      | Learned a level 1 spell: Freeze
  1739 | D:2      | Reached XP level 4. HP: 17/31 MP: 0/0
  2700 | D:2      | Reached skill level 1 in Fighting
  2743 | D:2      | Reached XP level 5. HP: 35/37 MP: 0/0
  2743 | D:2      | Learned a level 2 spell: Ensorcelled Hibernation
  3478 | D:3      | Reached skill level 4 in Spellcasting
  4567 | D:3      | Reached XP level 6. HP: 40/43 MP: 0/0
  4629 | D:3      | Noticed Terence
  4639 | D:3      | Killed Terence
  5191 | D:4      | Noticed a necrophage
  5196 | D:4      | Killed a necrophage
  5197 | D:4      | Reached skill level 5 in Spellcasting
  5197 | D:4      | Reached XP level 7. HP: 27/49 MP: 0/0
  5197 | D:4      | Learned a level 3 spell: Stone Arrow
  5407 | D:4      | Found a sparkling altar of Nemelex Xobeh.
  5412 | D:4      | Found a sacrificial altar of Ru.
  5417 | D:4      | Found a bloodstained altar of Trog.
  5599 | D:4      | Found a staircase to the Ecumenical Temple.
  5835 | Temple   | Entered the Ecumenical Temple
  5850 | Temple   | Became a worshipper of Gozag Ym Sagoz the Greedy
  6376 | D:5      | Entered Level 5 of the Dungeon
  6384 | D:5      | Slain by a gnoll

Illustrated notes

Levels and vault maps discovered:
D:1:      co_arrival_random_square_maze, layout_loops_ring,
          basic_ecumenical_altar, minmay_tetromino_t2
D:2:      minmay_general_purpose_star, layout_rooms, st_stairs_10
D:3:      layout_loops_ring, grunt_temple_overflow_magic_moments,
          minmay_fountain_box, minmay_misc_feat_secret_circle,
          minmay_three_crescents, uniq_terence
D:4:      layout_rooms, minmay_overflow_temple_star_quad, temple_hall,
          serial_co_window_serial, co_window_paths_a, co_window_paths_b,
          co_window_paths_a, co_window_paths_b, co_window_paths_b,
          co_window_unsneaky_path_e, co_window_broadway_b, co_window_broadway_b,
          co_window_2corner, co_window_unsneaky_path_e, co_window_paths_c,
          co_window_of_opportunity_c, glass_columns_a
D:5:      layout_basic, nicolae_overflow_crystal_walls,
          mainiacjoe_overflow_large_starburst
Temple:   kb_corrupted_temple

Skill      XL: |  1  2  3  4  5  6 |
---------------+-------------------+-----
Spellcasting   | 3 4 5 |  5.5
Fighting       | 1 2 |  2.2
Short Blades   | |  0.1
Dodging        | |  2.5
Stealth        | |  1.9

Action                   |  1- 3 |  4- 6 |  7- 9 || total
-------------------------+-------+-------+-------++-------
Melee: Short sword       |    12 |    14 |       ||    26
       Trident           |       |       |     1 ||     1
 Cast: Foxfire           |    35 |   111 |    40 ||   186
       Scorch            |    13 |    42 |     5 ||    60
       Ensorcelled Hiber |       |     1 |       ||     1
       Flame Wave        |       |       |     1 ||     1
Armor: Robe              |     1 |    16 |     1 ||    18
Dodge: Dodged            |    20 |    33 |     4 ||    57

Table legend: (Time is in decaauts)
 A = Elapsed time spent in this place.
 B = Non-inter-level travel time spent in this place.
 C = Inter-level travel time spent in this place.
 D = Time resting spent in this place.
 E = Time spent auto-exploring this place.
 F = Levels seen in this place.
 G = Mean time per level.
                   A        B        C        D        E       F      G
               +--------+--------+--------+--------+--------+-----+--------+
         Total |   6386 |   6237 |    149 |    444 |   5116 |   6 | 1064.3 |
       Dungeon |   6358 |   6222 |    136 |    444 |   5110 |   5 | 1271.6 |
        Temple |     28 |     15 |     13 |      0 |      6 |   1 |   28.0 |
               +--------+--------+--------+--------+--------+-----+--------+

Top non-repeatable levels by time:
     D:1: 1757 daAuts
     D:3: 1607 daAuts
     D:2: 1593 daAuts
     D:4: 1392 daAuts
  Temple: 28 daAuts
     D:5: 7 daAuts
